 Dungeon Crawl Stone Soup version 0.31-a0-1611-g890cdf5628 (webtiles) character file.

Game seed: 11466281726858457167

553 Laraso the Firebug (level 7, 50/50 HPs)
             Began as a Black Draconian Fire Elementalist on Jan 8, 2024.
             Quit the game on level 4 of the Dungeon.
             The game lasted 00:07:48 (4336 turns).

Laraso the Firebug (DrFE)                           Turns: 4336, Time: 00:07:48

Health: 50/50      AC: 10    Str: 17    XL:     7   Next: 8%
Magic:  20/22      EV: 12    Int: 17    God:
Gold:   99         SH:  0    Dex: 14    Spells: 7/14 levels left

rFire   . . .        h - staff "Kuuntircha" {MP+9 Dex+2 Conj}
rCold   . . .        (no shield)
rNeg    . . .        (body armour unavailable)
rPois   .            i - +2 hat
rElec   +            o - +1 cloak of Compassion {^Contam rElec Str+7 Stlth-}
rCorr   .            (no gloves)
SInv    .            (no boots)
Will    .....        p - amulet of magic regeneration
Stlth   +            (no ring)
HPRegen 0.28/turn    (no ring)
MPRegen 0.58/turn

%: no passive effects
@: no status effects
A: breathe lightning, AC +6, unfitting armour, electricity resistance,
cold-blooded
a: Breathe Lightning


You were on level 4 of the Dungeon.
You visited 1 branch of the dungeon, and saw 4 of its levels.
You also visited: Sewer.

You collected 99 gold pieces.

Inventory:

Hand Weapons
 d - a +0 quarterstaff
Armour
 i - a +2 hat (worn)
 o - the +1 cloak of Compassion (worn) {^Contam rElec Str+7 Stlth-}
   (You found it on level 3 of the Dungeon)

   Str+7:     It affects your strength (+7).
   rElec:     It insulates you from electricity.
   ^Contam:   It causes magical contamination when unequipped.
   Stlth-:    It makes you less stealthy.
Magical Staves
 h - the staff "Kuuntircha" (weapon) {MP+9 Dex+2 Conj}
   (You found it on level 2 of the Dungeon)

   [staff of conjuration]

   Base accuracy: +5 Base damage: 5 Base attack delay: 1.2 This weapon's minimum
   attack delay (0.6) is reached at skill level 12.
   Dex+2:     It affects your dexterity (+2).
   MP+9:      It affects your magic capacity (+9).
   Conj:      It increases the power of your Conjurations spells.
   It falls into the 'Staves' category.
   It is a one-handed weapon.
Jewellery
 n - a ring of ice
 p - an amulet of magic regeneration (around neck)
Scrolls
 e - 2 scrolls of teleportation
 k - a scroll of noise {unknown}
 m - a scroll of poison {unknown}
Potions
 a - 2 potions of magic
 b - 2 potions of might {unknown}
 c - 3 potions of brilliance
 f - a potion of mutation
 g - 2 potions of curing
 j - 3 potions of heal wounds {unknown}
 l - 2 potions of haste {unknown}


   Skills:
 - Level 1.7 Dodging
 - Level 1.7 Stealth
 - Level 4.0 Spellcasting
 * Level 3.9 Conjurations
 - Level 6.0 Fire Magic


You had 7 spell levels left.
You knew the following spells:

 Your Spells              Type           Power      Damage    Failure   Level
a - Foxfire               Conj/Fire      100%       2x1d9     1%          1
b - Scorch                Fire           46%        2d6       1%          2
v - Flame Wave            Conj/Fire      30%        2d9       21%         4

Your spell library contained the following spells:

 Spells                   Type           Power      Damage    Failure   Level
 Inner Flame              Hex/Fire       13%        N/A       14%         3
 Volatile Blastmotes      Fire/Tloc      26%        2d12      14%         3
 Ensorcelled Hibernation  Hex/Ice        6%         N/A       24%         2
 Passwall                 Erth           3%         N/A       43%         3
 Swiftness                Air            3%         N/A       43%         3


Dungeon Overview and Level Annotations

Branches:
Dungeon (4/15)              Sewer (visited)
 Temple: D:4-7

Altars:


Innate Abilities, Weirdness & Mutations

You can breathe wild blasts of lightning.
Your glossy black scales are hard. (AC +6)
You cannot fit into any form of body armour.
You are resistant to electric shocks. (rElec)
You are cold-blooded and may be slowed by cold attacks.


Message History

Unknown command.
A wave of flame ripples out!
The flame wave engulfs the adder.
You kill the adder!
You finish channelling waves of flame.
Unknown command.
You start resting.
A scorpion comes into view.
Found 5 poisoned darts.
Found a stone staircase leading down.
Things that are here:
a +0 giant club; an ogre corpse
Casting: Flame Wave (quite dangerous; 22% risk of failure)
Confirm with . or Enter, or press ? or * to list all spells.
Flames lash the scorpion.
The scorpion is moderately wounded.
The scorpion's fire resistance burns away.
Casting: Scorch (safe; 1% risk of failure)
Confirm with . or Enter, or press ? or * to list all spells.
Flames lash the scorpion.
The scorpion is burned terribly!
The scorpion is severely wounded.
Casting: Scorch (safe; 1% risk of failure)
Confirm with . or Enter, or press ? or * to list all spells.
Flames lash the scorpion.
The scorpion is burned terribly!
You kill the scorpion!
You have reached level 7!
Your scales start taking on a glossy black colour.
You learn Air Magic much quicker.
You learn Earth Magic much slower.
You can breathe wild blasts of lightning.
You feel insulated.
You start resting.
An endoplasm comes into view.
Things that are here:
a +0 giant club; an ogre corpse You see here a scorpion corpse.
Casting: Scorch (safe; 1% risk of failure)
Confirm with . or Enter, or press ? or * to list all spells.
Flames lash the endoplasm.
You kill the endoplasm!
Found 14 gold pieces.
Unknown command.
Are you sure you want to abandon this character and quit the game? (Confirm with "yes".)

##########
##........ #
...$.... #.###
#.#...#
#....###.#...#.#
#######...)†.....>##
..#....#.#.@.......
#.#.####.#...$...##
#.#.# #.###....(#
######...####.#
.....#
..............#
#.#..#
####.##.#.#####
.#.... # #.##.#.# .#
### #.##.#.# ..
#.##...#


There were no monsters in sight!

Vanquished Creatures
  An ogre (D:4)
  A kobold brigand (Sewer)
  A scorpion (D:4)
  3 sleepcaps (D:3)
  Jessica (D:3)
  An orc wizard (D:4)
  7 adders
  2 river rats (Sewer)
  A dart slug (D:3)
  2 ribbon worms (D:3)
  8 orcs
  4 bats
  4 endoplasms
  7 giant cockroaches
  5 hobgoblins
  4 jackals (D:1)
  25 kobolds
  8 quokkas
  10 ball pythons
  4 frilled lizards
  5 goblins
  28 rats
132 creatures vanquished.

Vanquished Creatures (others)
  110 foxfires
110 creatures vanquished.

Grand Total: 242 creatures vanquished

Notes
Turn   | Place    | Note
-------+----------+-------------------------------------------
     0 | D:1      | Laraso the Draconian Fire Elementalist began the quest for
                  | the Orb.
     0 | D:1      | Reached XP level 1. HP: 14/14 MP: 3/3
   208 | D:1      | Reached XP level 2. HP: 15/20 MP: 3/5
   216 | D:1      | Learned a level 2 spell: Scorch
   907 | D:2      | Reached XP level 3. HP: 26/26 MP: 0/7
  1503 | D:2      | Identified the staff "Kuuntircha" {MP+9 Dex+2 Conj}
  1546 | D:2      | Reached XP level 4. HP: 33/33 MP: 2/10
  1555 | D:2      | Learned a level 4 spell: Flame Wave
  1682 | D:2      | Found a faded altar of an unknown god.
  1991 | D:3      | Found a glowing drain.
  1997 | Sewer    | Entered a sewer
  2288 | Sewer    | Reached XP level 5. HP: 38/38 MP: 2/11
  2542 | Sewer    | Reached skill level 4 in Fire Magic
  3381 | D:3      | Identified the +1 cloak of Compassion {^Contam rElec Str+7
                  | Stlth-}
  3467 | D:3      | Reached XP level 6. HP: 40/45 MP: 9/12
  3755 | D:3      | Reached skill level 5 in Fire Magic
  3825 | D:3      | Noticed Jessica
  3833 | D:3      | Killed Jessica
  4309 | D:4      | Reached skill level 6 in Fire Magic
  4321 | D:4      | Your scales start taking on a glossy black colour.
  4321 | D:4      | Reached XP level 7. HP: 50/50 MP: 13/13
  4321 | D:4      | Gained mutation: You are resistant to electric shocks.
                  | (rElec) [Black Draconian growth]
  4336 | D:4      | Quit the game

Illustrated notes

Levels and vault maps discovered:
D:1:      spicycebolla_green_bress_n_ham, layout_basic,
          corexii_item_surrounded_by_moat, kennysheep_pointless_box,
          minmay_misc_feat_diagonals, hangedman_abyss_or_decor_lesser_grid,
          minmay_misc_feat_roman
D:2:      layout_basic, ebering_ecumenical_altar_webs
D:3:      layout_basic, gup_sewer_entry_bubbles, hellmonk_no_cap, uniq_jessica
D:4:      layout_loops_ring, nicolae_ru_awakened_eye,
          kennysheep_cross_bottleneck

Skill      XL: |  1  2  3  4  5  6 |
---------------+-------------------+-----
Spellcasting   | 3 4 |  4.0
Conjurations   | 2 3 |  3.9
Fire Magic     | 4 6 |  6.0
Dodging        | |  1.7
Stealth        | |  1.7

Action                     |  1- 3 |  4- 6 |  7- 9 || total
---------------------------+-------+-------+-------++-------
  Melee: Unarmed           |    16 |       |       ||    16
         Quarterstaff      |    40 |    31 |       ||    71
         Tailslap          |     5 |     3 |       ||     8
   Cast: Foxfire           |     5 |    65 |       ||    70
         Scorch            |    20 |    39 |     1 ||    60
         Flame Wave        |       |     5 |       ||     5
    Use: Scroll            |     4 |     1 |       ||     5
   Stab: Sleeping          |       |     1 |       ||     1
 Armour: Skin              |    53 |    48 |       ||   101
  Dodge: Dodged            |    53 |    58 |       ||   111

Table legend: (Time is in decaauts)
 A = Elapsed time spent in this place.
 B = Non-inter-level travel time spent in this place.
 C = Inter-level travel time spent in this place.
 D = Time resting spent in this place.
 E = Time spent auto-exploring this place.
 F = Levels seen in this place.
 G = Mean time per level.
                   A        B        C        D        E       F      G
               +--------+--------+--------+--------+--------+-----+--------+
         Total |   4400 |   4343 |     57 |    716 |   2777 |   5 |  880.0 |
       Dungeon |   3390 |   3333 |     57 |    438 |   2298 |   4 |  847.5 |
         Sewer |   1009 |   1009 |      0 |    278 |    479 |   1 | 1009.0 |
               +--------+--------+--------+--------+--------+-----+--------+

Top non-repeatable levels by time:
     D:3: 1388 daAuts
   Sewer: 1009 daAuts
     D:2: 926 daAuts
     D:1: 864 daAuts
     D:4: 210 daAuts
